Unix NetHack Version 3.7.0-88 Work-in-progress - last build Aug 21 2023 04:08:40 (b68ccb3e4f8f5dcb83e1e40b1ff56e7dffd4cd28,branch:master). Game began 2023-08-26 08:51:02, ended 2023-09-09 12:10:59. chip, chaotic male human Monk -----+------ -------- ------------- |....^......# |.[..<..##)#-...........| |..........|# #### |......| # |...........| -.-------.--# -+--------- ----.[.[...## |...........| #)#[# # #..........| |....))---- ###.............## ## # #|.>.......| |.).@.[| |...........| # # ### ####|........(| |[.....| |...........| # ## # # % ----------- -------- ------.------########### #-.--- # ######## # --.---.-- #|...| ## |.......| #|...|## |.......| #|...|# +....{..| #....|# --------- |...|# ...-# --- Chip the Student of Waters St:18/37 Dx:16 Co:18 In:10 Wi:15 Ch:12 Chaotic S:313909 Dlvl:11 $:0 HP:97(97) Pw:9(83) AC:-8 Xp:14/92507 T:26369 Satiated Latest messages: You descend the stairs. You climb up the stairs. You swap places with the peaceful Grey-elf. You descend the stairs. You feel a wrenching sensation. You jump onto the teleportation trap. Where do you want to be teleported? (For instructions type a '?') You materialize in a different location! You descend the stairs. You see here an orcish helm. There are several objects here. You see here an orcish helm. What do you want to use or apply? [bchpsvzADUZ or ?*] b What do you want to use or apply? [bchpsvzADUZ or ?*] b Restoring save file... Hello chip, the human Monk, welcome back to NetHack! What do you want to use or apply? [bchpsvzADUZ or ?*] b Restoring save file... Hello chip, the human Monk, welcome back to NetHack! What do you want to take off? [aBIN or ?*] ? You were wearing a blessed fireproof +1 robe. What do you want to wear? [dI or ?*] ? You are now wearing a robe. Really quit? [yn] (n) y Do you want your possessions identified? [ynq] (y) q Inventory: Amulets Y - an uncursed amulet of reflection (being worn) Armor N - an uncursed greased thoroughly rusty +4 orcish helm (being worn) a - an uncursed burnt rotted +2 pair of leather gloves (being worn) B - a blessed fireproof +3 pair of jumping boots (being worn) d - a blessed fireproof +4 cloak of magic resistance I - a blessed fireproof +1 robe (being worn) Rings j - an uncursed ring of shock resistance (on left hand) Q - an uncursed ring of teleport control (on right hand) Wands v - a wand of death (0:2) U - a wand of digging (0:2) p - a wand of fire (0:3) c - a wand of teleportation (0:2) Tools b - a blessed bag of holding containing 107 items Z - an uncursed sack containing 1 item z - an uncursed tooled horn A - the Bell of Opening (0:3) D - the blessed Eyes of the Overworld (being worn) s - an uncursed stethoscope h - a blessed +0 unicorn horn Gems/Stones T - an uncursed luckstone Contents of the bag of holding: 3199 gold pieces an uncursed amulet of life saving an uncursed amulet of life saving a rustproof +6 aklys an uncursed +0 pair of gauntlets of power an uncursed +1 cloak of displacement an uncursed +0 cloak of protection an uncursed fireproof +0 mummy wrapping an uncursed +0 robe 2 uncursed candy bars labeled "Snacky Cake" an uncursed carrot an uncursed cream pie 3 uncursed fortune cookies an uncursed orange 6 uncursed pears an uncursed sprig of wolfsbane an uncursed tripe ration an uncursed cockatrice egg 2 uncursed eggs an uncursed python egg 2 uncursed lizard corpses an uncursed lizard corpse an uncursed scroll of amnesia a cursed scroll of amnesia 9 uncursed scrolls of blank paper 2 cursed scrolls of blank paper 2 blessed greased scrolls of charging an uncursed scroll of charging an uncursed scroll of confuse monster a cursed scroll of confuse monster an uncursed scroll of create monster a cursed scroll of create monster a blessed scroll of fire 2 uncursed scrolls of genocide an uncursed scroll of gold detection a blessed scroll of identify 2 uncursed scrolls of light an uncursed scroll of taming a blessed scroll of teleportation 4 uncursed scrolls of teleportation an uncursed spellbook of create monster an uncursed spellbook of create monster an uncursed spellbook of healing an uncursed potion of booze an uncursed potion of enlightenment a cursed potion of full healing an uncursed potion of gain ability 2 uncursed potions of gain energy 4 uncursed potions of gain level an uncursed potion of healing an uncursed potion of invisibility an uncursed potion of object detection an uncursed potion of oil an uncursed potion of see invisible a cursed potion of sickness a cursed potion of speed 2 potions of holy water 2 potions of unholy water a cursed ring of aggravate monster a cursed -2 ring of increase accuracy an uncursed +2 ring of increase damage an uncursed ring of invisibility an uncursed ring of levitation an uncursed ring of poison resistance an uncursed ring of polymorph control an uncursed +0 ring of protection an uncursed ring of protection from shape changers an uncursed ring of regeneration an uncursed ring of searching an uncursed ring of see invisible an uncursed ring of see invisible an uncursed ring of sustain ability an uncursed ring of teleport control an uncursed ring of warning a wand of create monster (0:13) a wand of create monster (0:12) a wand of enlightenment (0:6) a wand of lightning (0:2) a wand of locking (0:3) a wand of magic missile (0:5) a wand of magic missile (0:2) a wand of make invisible (0:7) a wand of make invisible (0:4) a wand of sleep (0:6) a wand of sleep (0:6) a wand of sleep (0:4) a wand of slow monster (0:5) a wand of speed monster (0:4) a wand of speed monster (0:3) a wand of striking (0:6) a wand of teleportation (0:8) a wand of teleportation (0:6) a wand of undead turning (0:4) a wand of wishing (0:2) an uncursed oil lamp an uncursed blindfold an uncursed brass lantern an uncursed brass lantern a cursed can of grease named c (0:5) a magic marker (0:21) an uncursed magic whistle a +0 pick-axe an uncursed skeleton key 3 uncursed amethyst stones 2 uncursed diamonds 2 uncursed fluorite stones an uncursed jacinth stone Contents of the sack: a wand of cancellation (0:4) Chip the Monk's attributes: Background: You were a Student of Waters, a level 14 male human Monk. You were chaotic, on a mission for Huan Ti who was opposed by Shan Lai Ching (lawful) and Chih Sung-tzu (neutral). You were in the Dungeons of Doom, on level 11. You entered the dungeon 26369 turns ago. You had 92507 experience points, 67493 more were needed to attain level 15. Your score was 313909 before end-of-game adjustments. Basics: You had all 97 hit points. You had 9 out of 83 energy points (spell power). Your armor class was -8. Your wallet was empty, but you had 3199 zorkmids stashed away in your pack. Autopickup was off. Final Characteristics: Your strength was 18/37 (limit:18/100). Your dexterity was 16 (peak:17, limit:18). Your constitution was 18 (limit:18). Your intelligence was 10 (limit:18). Your wisdom was 15 (peak:16, limit:18). Your charisma was 12 (limit:18). Final Status: You were satiated. You were unencumbered. You were empty handed. You had grand master skill with martial arts. Final Attributes: You were piously aligned. You were magic-protected. You were fire resistant. You were cold resistant. You were sleep resistant. You were disintegration resistant. You were shock resistant. Your items were protected from electric shocks. You were poison resistant. You saw invisible. You were telepathic. You were warned. You had automatic searching. You were invisible to others. You were stealthy. You could jump. You could teleport. You had teleport control. You had a small defense bonus (+5). You were guarded. You were fast. You had reflection. You were extremely lucky. You had extra luck. Bad luck did not time out for you. Good luck did not time out for you. You survived. Miscellaneous: You encountered 1 bones level. Total elapsed playing time was 11 hours, 3 minutes and 18 seconds. Major events: Turn 1: chip the chaotic male human Monk entered the dungeon 1534: attained the rank of Novice (level 3) 3111: entered the Gnomish Mines 3115: found Mjollnir on the floor 3374: reached Mine Town 3685: attained the rank of Initiate (level 6) 4093: entered Sokoban 4594: completed 1st Sokoban level 5209: completed 2nd Sokoban level 5623: completed 3rd Sokoban level 6397: completed 4th Sokoban level 6609: acquired the Sokoban amulet of reflection 6927: was bestowed with Orcrist by Huan Ti 7315: destroyed arthur's ghost, the former Conjurer 10754: acquired the Mines' End luckstone 11108: was bestowed with Werebane by Huan Ti 11606: attained the rank of Student of Stones (level 10) 16887: entered the Bigroom 22109: killed Medusa 22815: made his first wish - "2 blessed greased fixed scrolls of charging", got "2 greased scrolls labeled ZELGO MER" 23873: entered Gehennom 24163: attained the rank of Student of Waters (level 14) 25253: wished for "uncursed marker", got "a magic marker" 25301: killed Master Kaen 25338: found the Eyes of the Overworld on the floor 25339: acquired the Bell of Opening 26369: quit Vanquished creatures: Master Kaen Medusa a storm giant a silver dragon a red dragon a white dragon 2 orange dragons a black dragon a yellow dragon 2 demiliches a stone golem 2 pit fiends 7 vampire leaders 3 liches a clay golem 2 nurses an ice devil a nalfeshnee 2 lurkers above an ettin a golden naga 7 vampires 2 lieutenants 30 ghosts a mind flayer 2 giant mimics a long worm 2 rock trolls an elven monarch a hezrou 2 wumpuses a couatl 6 stalkers 2 air elementals a fire elemental 36 earth elementals 2 water elementals a giant mummy a black naga 27 xorns 6 giant zombies 5 sergeants a warg 2 warhorses 3 xans an ettin mummy 3 quantum mechanics 4 sharks a large dog 5 freezing spheres 3 flaming spheres a shocking sphere a large cat 2 tigers a gargoyle 2 tengu 2 ochre jellies 2 energy vortices a mountain centaur a stone giant an elf mummy 6 human mummies a python 2 pit vipers a cobra 20 wraiths 8 ettin zombies 26 soldiers 5 amorous demons a horned devil 4 chameleons 3 giant beetles a quivering blob 3 cockatrices 7 wolves 2 winter wolf cubs 3 lynxes 25 leprechauns 7 orc-captains 3 iron piercers 24 giant spiders 3 scorpions 2 horses an ice vortex a baby long worm a black light 4 gnome rulers 2 orc mummies 3 dwarf mummies 5 brown puddings 4 rust monsters 3 owlbears 2 werewolves a Green-elf 5 giant eels 5 lizards a dog 2 housecats 5 jaguars 2 dwarf leaders 3 white unicorns 3 dust vortices 27 ravens 4 gnome mummies 3 snakes 8 human zombies a rope golem 8 soldier ants 3 fire ants 7 bugbears 3 wood nymphs 3 water nymphs 3 mountain nymphs 7 Mordor orcs 19 Uruk-hai 6 orc shamans 4 rock piercers 3 rock moles 2 ponies 3 yellow lights 4 shriekers 9 gnome leaders 8 gnomish wizards 3 kobold mummies a black naga hatchling 2 gray oozes a barrow wight 15 elf zombies 3 ghouls a straw golem a paper golem a jellyfish a baby crocodile 13 giant ants 3 little dogs 4 floating eyes 2 kittens 17 dwarves a homunculus 4 kobold leaders 2 kobold shamans 34 hill orcs 2 rothes a rabid rat a centipede 5 giant bats a monkey 10 orc zombies 9 dwarf zombies a werejackal 8 iguanas 27 killer bees 3 acid blobs 3 gas spores 9 hobbits 2 manes 15 hobgoblins an orc 5 giant rats 6 cave spiders a brown mold 2 yellow molds a green mold 2 red molds 59 gnomes 13 garter snakes 10 gnome zombies 9 geckos 5 jackals 6 kobolds 6 goblins 4 sewer rats 16 grid bugs 2 bats 12 lichens 8 kobold zombies 12 newts 939 creatures vanquished. No species were genocided or became extinct. Voluntary challenges: You read items or engraved 58 times. You never engraved Elbereth. You never genocided any monsters. You never polymorphed an object. You never changed form. You used 2 wishes. You did not wish for any artifacts. You violated the special Sokoban rules twice. Achievements: You entered a shop. You attained the rank of Novice. You entered the Gnomish Mines. You entered Minetown. You attained the rank of Initiate. You entered Sokoban. You completed Sokoban. You completed the Gnomish Mines. You attained the rank of Student of Stones. You entered a temple. You entered the Big Room. You defeated Medusa. You learned the tune to open and close the Castle's drawbridge. You entered Gehennom. You attained the rank of Student of Waters. You had the Bell of Opening. The Dungeons of Doom: levels 1 to 29 Level 1: A sink. Level 2: Some altars. Level 3: A general store, an altar to Huan Ti. Level 4: Stairs down to The Gnomish Mines. Level 5: Some fountains. Oracle of Delphi. Final resting place for arthur-Wiz-Gno-Mal-Neu, killed by a jaguar. Level 6: An altar to Huan Ti. Stairs up to Sokoban, level 5. Level 7: Level 8: Level 9: A temple, a fountain. Level 10: Many trees. A very big room. Level 11: <- You were here. A fountain. Level 12: A fountain. Portal to The Quest. Level 13: Level 14: A fountain. Level 15: Level 16: Level 17: A primitive area. Level 18: Level 19: A fountain. Level 20: A fountain. Level 21: A fountain. Level 22: Some fountains. Level 23: Many graves. Level 24: Many graves. Level 25: Level 26: Level 27: A fountain. Level 28: A fountain, many trees. Level 29: A fountain. The castle (play notes "CFCEA" to open or close drawbridge). Connection to Gehennom. Gehennom: levels 30 to 31 Level 30: A temple, many graves. Valley of the Dead. Level 31: The Gnomish Mines: levels 5 to 13 Level 5: Level 6: Level 7: An altar to Huan Ti, some fountains. Level 8: Level 9: Level 10: Level 11: Level 12: Level 13: Some fountains. The Quest: levels 1 to 6 Level 1: A temple, many trees. Completed quest for the Grand Master. Level 2: Level 3: Level 4: Level 5: Level 6: An altar. Sokoban: levels 5 up to 2 Level 2: Solved. Level 3: Solved. Level 4: Solved. Level 5: Solved. Goodbye chip the Monk... You quit in The Dungeons of Doom on dungeon level 11 with 313909 points, and 3199 pieces of gold, after 26369 moves. You were level 14 with a maximum of 97 hit points when you quit.